[ AOE2 MATCH · #481643479 ]
UnrankedTeutons vs Spanish
[ REPLAY ANALYSIS · EXTRACTED FROM THE RECORDED GAME ]
Feudal
—
Castle
—
Imperial
—
| APM avg | 30.9 |
| APM peak | 90 |
| eAPM avg | 29.6 |
| Villagers / military | 425 / 924 |
Focus
⚔️ 45.4% · 🌾 54.6%
Knight ×384 · Teutonic Knight ×180 · Scorpion ×121 · Trade Cart ×84 · Hand Cannoneer ×75 · Mangonel ×65
Feudal
—
Castle
—
Imperial
—
| APM avg | 30.8 |
| APM peak | 57 |
| eAPM avg | 28.2 |
| Villagers / military | 320 / 777 |
Focus
⚔️ 43.4% · 🌾 56.6%
Knight ×275 · Spearman ×215 · Trade Cart ×135 · Bombard Cannon ×110 · Hand Cannoneer ×95 · Battering Ram ×72
Feudal
—
Castle
—
Imperial
—
| APM avg | 8.2 |
| APM peak | 41 |
| eAPM avg | 7.7 |
| Villagers / military | 117 / 287 |
Focus
⚔️ 38.2% · 🌾 61.8%
Knight ×211 · Trade Cart ×80 · Bombard Cannon ×75 · Monk ×1
Feudal
—
Castle
—
Imperial
—
| APM avg | 27.5 |
| APM peak | 100 |
| eAPM avg | 26.8 |
| Villagers / military | 335 / 547 |
Focus
⚔️ 28.3% · 🌾 71.7%
War Elephant ×547 · Trade Cart ×136
Feudal
—
Castle
—
Imperial
—
| APM avg | 22.3 |
| APM peak | 48 |
| eAPM avg | 19.5 |
| Villagers / military | 165 / 779 |
Focus
⚔️ 44.1% · 🌾 55.9%
War Elephant ×599 · Knight ×160 · Trade Cart ×110 · Camel Scout ×20
Feudal
—
Castle
—
Imperial
—
| APM avg | 20.5 |
| APM peak | 89 |
| eAPM avg | 20.3 |
| Villagers / military | 266 / 715 |
Focus
⚔️ 40.8% · 🌾 59.2%
Camel Scout ×460 · Hand Cannoneer ×240 · Trade Cart ×168 · Bombard Cannon ×10 · Scorpion ×5
Feudal
—
Castle
—
Imperial
—
| APM avg | 19.8 |
| APM peak | 70 |
| eAPM avg | 16.6 |
| Villagers / military | 183 / 455 |
Focus
⚔️ 33.9% · 🌾 66.1%
Battle Elephant ×360 · Cavalry Archer ×90 · Trade Cart ×80 · Knight ×5
Feudal
—
Castle
—
Imperial
—
| APM avg | 45.0 |
| APM peak | 155 |
| eAPM avg | 41.7 |
| Villagers / military | 189 / 736 |
Focus
⚔️ 21.9% · 🌾 78.1%
War Elephant ×726 · Trade Cart ×102 · Mangonel ×10
Match map
Initial resources + every placement click. Lines = walls · curves = elevation contours. ◆ gold · ⬟ stone · ● berries · ✦ relic · ◌ wall gap
Your base· ✓ Map-separated
len04597's base· ✓ Map-separated
poupaquicc's base· ✓ Map-separated
Potato Famine's base· ✓ Map-separated
Markhor_0's base· ✓ Map-separated
menschlicheflagge's base· ✓ Map-separated
El Necio's base· ✓ Map-separated
RealG's base· ✓ Map-separated
Smoothed initial terrain · ◌ = detected wall gap · hover for details
Inputs per minute
— BaguetteAndFromage - - len04597
Build order — BaguetteAndFromage
First 150 of 624 actions detected
| 0:04 | Create | Villager (Male) |
| 0:05 | Create | Villager (Male) |
| 0:05 | Create | Villager (Male) |
| 0:05 | Create | Villager (Male) |
| 0:06 | Create | Villager (Male) |
| 0:08 | Build | Town Center |
| 0:09 | Build | Town Center |
| 0:11 | Build | Town Center |
| 0:12 | Build | Town Center |
| 0:14 | Build | Town Center |
| 0:17 | Build | Town Center |
| 0:18 | Build | Town Center |
| 0:20 | Build | Town Center |
| 0:22 | Build | Town Center |
| 0:29 | Build | Town Center |
| 0:31 | Build | Town Center |
| 0:34 | Build | Town Center |
| 0:38 | Build | House |
| 0:38 | Build | House |
| 0:39 | Build | House |
| 0:40 | Build | House |
| 0:40 | Build | House |
| 0:41 | Build | House |
| 0:42 | Build | House |
| 0:42 | Build | House |
| 0:43 | Build | House |
| 0:44 | Build | House |
| 0:44 | Build | House |
| 0:45 | Build | House |
| 0:48 | Create | Villager (Male) ×5 |
| 0:48 | Create | Villager (Male) ×5 |
| 0:50 | Create | Villager (Male) |
| 0:53 | Build | Town Center |
| 0:55 | Build | Town Center |
| 1:00 | Build | Town Center |
| 1:03 | Build | Town Center |
| 1:05 | Create | Villager (Male) |
| 1:17 | Create | Villager (Male) ×5 |
| 1:17 | Create | Villager (Male) ×5 |
| 1:21 | Build | Monastery |
| 1:28 | Build | Market |
| 1:28 | Build | Market |
| 1:29 | Build | Market |
| 1:30 | Build | Market |
| 1:31 | Build | Market |
| 1:31 | Build | Market |
| 1:31 | Build | Market |
| 1:32 | Build | Market |
| 1:32 | Build | Market |
| 1:32 | Build | Market |
| 1:33 | Build | Market |
| 1:33 | Build | Market |
| 1:34 | Build | Market |
| 1:34 | Build | Market |
| 1:38 | Create | Villager (Male) ×5 |
| 1:38 | Create | Villager (Male) ×5 |
| 1:39 | Create | Villager (Male) ×5 |
| 1:39 | Create | Villager (Male) ×5 |
| 1:39 | Create | Villager (Male) ×5 |
| 1:40 | Create | Villager (Male) ×5 |
| 1:40 | Create | Villager (Male) ×5 |
| 1:41 | Create | Villager (Male) ×5 |
| 1:42 | Create | Villager (Male) ×5 |
| 1:43 | Create | Villager (Male) ×5 |
| 1:43 | Create | Villager (Male) ×5 |
| 1:45 | Build | Lumber Camp |
| 1:52 | Build | House |
| 1:53 | Build | House |
| 1:54 | Build | House |
| 1:55 | Build | House |
| 1:56 | Build | House |
| 1:57 | Build | House |
| 1:57 | Build | House |
| 1:58 | Build | House |
| 1:59 | Build | House |
| 1:59 | Build | House |
| 1:59 | Build | House |
| 2:00 | Build | House |
| 2:01 | Build | House |
| 2:02 | Build | House |
| 2:02 | Build | House |
| 2:03 | Build | House |
| 2:03 | Build | House |
| 2:04 | Build | House |
| 2:09 | Build | Lumber Camp |
| 2:10 | Create | Villager (Male) ×5 |
| 2:10 | Create | Villager (Male) ×5 |
| 2:11 | Create | Villager (Male) ×5 |
| 2:17 | Build | Market |
| 2:17 | Build | Market |
| 2:18 | Build | Market |
| 2:18 | Build | Market |
| 2:19 | Build | Market |
| 2:28 | Build | Market |
| 2:32 | Create | Monk |
| 2:49 | Build | Lumber Camp |
| 2:50 | Create | Villager (Male) ×5 |
| 2:50 | Create | Villager (Male) ×5 |
| 2:50 | Create | Villager (Male) ×5 |
| 2:52 | Build | Town Center |
| 2:54 | Build | Town Center |
| 2:57 | Build | Town Center |
| 3:00 | Build | Town Center |
| 3:02 | Build | Town Center |
| 3:05 | Build | Town Center |
| 3:08 | Build | Town Center |
| 3:09 | Create | Villager (Male) ×5 |
| 3:10 | Create | Villager (Male) ×5 |
| 3:13 | Build | Lumber Camp |
| 3:14 | Create | Villager (Male) ×5 |
| 3:14 | Create | Villager (Male) ×5 |
| 3:15 | Create | Villager (Male) ×5 |
| 3:16 | Create | Villager (Male) ×5 |
| 3:16 | Create | Villager (Male) ×5 |
| 3:16 | Create | Villager (Male) ×5 |
| 3:17 | Create | Villager (Male) ×5 |
| 3:17 | Create | Villager (Male) ×5 |
| 3:18 | Create | Villager (Male) ×5 |
| 3:18 | Create | Villager (Male) ×5 |
| 3:18 | Create | Villager (Male) ×5 |
| 3:19 | Create | Villager (Male) ×5 |
| 3:19 | Create | Villager (Male) ×5 |
| 3:22 | Build | House |
| 3:22 | Build | House |
| 3:23 | Build | House |
| 3:24 | Build | House |
| 3:26 | Build | Lumber Camp |
| 3:32 | Build | Lumber Camp |
| 3:34 | Create | Villager (Male) ×5 |
| 3:34 | Create | Villager (Male) ×5 |
| 3:37 | Build | Mining Camp |
| 3:39 | Create | Villager (Male) ×5 |
| 3:41 | Create | Villager (Male) ×5 |
| 3:41 | Create | Villager (Male) ×5 |
| 3:41 | Create | Villager (Male) ×5 |
| 3:42 | Create | Villager (Male) ×5 |
| 3:42 | Create | Villager (Male) ×5 |
| 3:43 | Create | Villager (Male) ×5 |
| 3:50 | Build | Lumber Camp |
| 3:51 | Create | Villager (Male) ×5 |
| 3:52 | Create | Villager (Male) ×5 |
| 3:52 | Create | Villager (Male) ×5 |
| 3:52 | Create | Villager (Male) ×5 |
| 3:53 | Create | Villager (Male) ×5 |
| 4:02 | Build | Stone Wall |
| 4:06 | Build | Gate |
| 4:07 | Build | Gate |
| 4:12 | Build | Castle |
| 4:15 | Build | Castle |
| 4:19 | Build | Lumber Camp |
Build order — len04597
First 150 of 716 actions detected
| 0:05 | Create | Villager (Male) ×5 |
| 0:06 | Create | Villager (Male) ×5 |
| 0:06 | Create | Villager (Male) ×5 |
| 0:07 | Create | Villager (Male) ×5 |
| 0:16 | Build | Town Center |
| 0:17 | Build | Town Center |
| 0:19 | Build | Town Center |
| 0:21 | Build | Town Center |
| 0:22 | Build | Town Center |
| 0:25 | Build | Town Center |
| 0:26 | Build | Town Center |
| 0:27 | Build | Town Center |
| 0:29 | Build | Town Center |
| 0:31 | Build | Town Center |
| 0:33 | Build | Town Center |
| 0:34 | Build | Town Center |
| 0:36 | Build | Town Center |
| 0:38 | Build | Town Center |
| 0:39 | Build | Town Center |
| 0:40 | Build | Town Center |
| 0:41 | Build | Town Center |
| 0:43 | Build | Town Center |
| 0:44 | Build | Town Center |
| 0:45 | Build | Town Center |
| 0:46 | Build | Town Center |
| 0:47 | Build | Town Center |
| 0:49 | Build | Town Center |
| 0:50 | Build | Town Center |
| 0:51 | Build | Town Center |
| 0:52 | Build | Town Center |
| 0:53 | Build | Town Center |
| 0:55 | Build | Town Center |
| 0:59 | Create | Villager (Male) ×5 |
| 0:59 | Create | Villager (Male) ×5 |
| 0:59 | Create | Villager (Male) ×5 |
| 1:00 | Create | Villager (Male) ×5 |
| 1:00 | Create | Villager (Male) ×5 |
| 1:00 | Create | Villager (Male) ×5 |
| 1:33 | Build | Town Center |
| 1:34 | Build | Town Center |
| 1:51 | Create | Villager (Male) ×5 |
| 1:51 | Create | Villager (Male) ×5 |
| 1:52 | Create | Villager (Male) ×5 |
| 2:15 | Create | Villager (Male) ×5 |
| 2:15 | Create | Villager (Male) ×5 |
| 2:16 | Create | Villager (Male) ×5 |
| 2:18 | Create | Villager (Male) ×5 |
| 2:41 | Create | Villager (Male) ×5 |
| 2:42 | Create | Villager (Male) ×5 |
| 2:43 | Create | Villager (Male) ×5 |
| 3:09 | Create | Villager (Male) ×5 |
| 3:10 | Create | Villager (Male) ×5 |
| 3:11 | Create | Villager (Male) ×5 |
| 3:12 | Create | Villager (Male) ×5 |
| 3:21 | Build | House |
| 3:23 | Build | House |
| 3:24 | Build | House |
| 3:25 | Build | House |
| 3:26 | Build | House |
| 3:27 | Build | House |
| 3:28 | Build | House |
| 3:31 | Build | House |
| 3:32 | Build | House |
| 3:33 | Build | House |
| 3:34 | Build | House |
| 3:36 | Build | House |
| 3:39 | Build | House |
| 3:40 | Build | House |
| 3:41 | Build | House |
| 3:43 | Build | House |
| 3:45 | Build | House |
| 3:49 | Create | Villager (Male) ×5 |
| 3:50 | Create | Villager (Male) ×5 |
| 3:50 | Create | Villager (Male) ×5 |
| 3:51 | Create | Villager (Male) ×5 |
| 3:51 | Create | Villager (Male) ×5 |
| 3:52 | Create | Villager (Male) ×5 |
| 3:52 | Create | Villager (Male) ×5 |
| 3:53 | Create | Villager (Male) ×5 |
| 3:53 | Create | Villager (Male) ×5 |
| 4:06 | Build | House |
| 4:09 | Build | House |
| 4:11 | Build | House |
| 4:13 | Build | House |
| 4:15 | Build | House |
| 4:16 | Build | House |
| 4:17 | Build | House |
| 4:18 | Build | House |
| 4:20 | Build | House |
| 4:21 | Build | House |
| 4:22 | Build | House |
| 4:24 | Build | House |
| 4:33 | Build | Monastery |
| 4:39 | Create | Villager (Male) ×5 |
| 4:39 | Create | Villager (Male) ×5 |
| 4:40 | Create | Villager (Male) ×5 |
| 4:40 | Create | Villager (Male) ×5 |
| 4:41 | Create | Villager (Male) ×5 |
| 4:41 | Create | Villager (Male) ×5 |
| 4:42 | Create | Villager (Male) ×5 |
| 5:02 | Build | Market |
| 5:04 | Build | Market |
| 5:06 | Build | Market |
| 5:08 | Build | Market |
| 5:09 | Build | Market |
| 5:10 | Build | Market |
| 5:13 | Build | Market |
| 5:15 | Build | Market |
| 5:17 | Build | Market |
| 5:19 | Build | Market |
| 5:21 | Build | Market |
| 5:22 | Build | Market |
| 5:26 | Build | Market |
| 5:28 | Build | Market |
| 5:33 | Create | Villager (Male) ×5 |
| 5:33 | Create | Villager (Male) ×5 |
| 5:33 | Create | Villager (Male) ×5 |
| 5:34 | Create | Villager (Male) ×5 |
| 5:34 | Create | Villager (Male) ×5 |
| 5:35 | Create | Villager (Male) ×5 |
| 5:35 | Create | Villager (Male) ×5 |
| 5:36 | Create | Villager (Male) ×5 |
| 5:47 | Build | Lumber Camp |
| 5:48 | Build | Lumber Camp |
| 5:57 | Build | Lumber Camp |
| 5:58 | Build | Lumber Camp |
| 6:07 | Build | Lumber Camp |
| 6:16 | Create | Villager (Male) ×5 |
| 6:17 | Create | Villager (Male) ×5 |
| 6:17 | Create | Villager (Male) ×5 |
| 6:17 | Create | Villager (Male) ×5 |
| 6:18 | Create | Villager (Male) ×5 |
| 6:18 | Create | Villager (Male) ×5 |
| 6:19 | Create | Villager (Male) ×5 |
| 6:32 | Build | Farm |
| 6:33 | Build | Farm |
| 6:34 | Build | Farm |
| 6:37 | Build | Farm |
| 6:37 | Build | Farm |
| 6:37 | Build | Farm |
| 6:38 | Build | Farm |
| 6:38 | Build | Farm |
| 6:38 | Build | Farm |
| 6:39 | Build | Farm |
| 6:39 | Build | Farm |
| 6:40 | Build | Farm |
| 6:40 | Build | Farm |
| 6:40 | Build | Farm |
| 6:41 | Build | Farm |
| 6:42 | Build | Farm |
Build order — poupaquicc
First 150 of 255 actions detected
| 0:17 | Build | Town Center |
| 0:19 | Build | Town Center |
| 0:21 | Build | Town Center |
| 0:24 | Build | Town Center |
| 0:28 | Build | Town Center |
| 0:54 | Create | Villager (Male) ×5 |
| 0:54 | Create | Villager (Male) ×5 |
| 0:55 | Create | Villager (Male) ×5 |
| 0:55 | Create | Villager (Male) ×5 |
| 0:55 | Create | Villager (Male) ×5 |
| 0:56 | Create | Villager (Male) ×5 |
| 0:56 | Create | Villager (Male) ×5 |
| 1:02 | Create | Villager (Male) ×5 |
| 1:02 | Create | Villager (Male) ×5 |
| 1:03 | Create | Villager (Male) ×5 |
| 1:03 | Create | Villager (Male) ×5 |
| 1:39 | Build | Market |
| 1:40 | Build | Market |
| 1:42 | Build | Market |
| 1:45 | Build | Market |
| 2:00 | Build | House |
| 2:01 | Build | House |
| 2:03 | Build | House |
| 2:05 | Build | House |
| 2:07 | Build | House |
| 2:08 | Build | House |
| 2:10 | Build | House |
| 2:13 | Build | House |
| 2:14 | Build | House |
| 2:16 | Build | House |
| 2:17 | Build | House |
| 2:19 | Build | House |
| 2:20 | Build | House |
| 2:21 | Build | House |
| 2:23 | Build | House |
| 2:24 | Build | House |
| 2:25 | Build | House |
| 2:26 | Build | House |
| 2:28 | Build | House |
| 2:29 | Build | House |
| 2:30 | Build | House |
| 2:33 | Build | House |
| 2:35 | Build | House |
| 2:36 | Build | House |
| 2:37 | Build | House |
| 2:38 | Build | House |
| 2:40 | Build | House |
| 2:41 | Build | House |
| 2:42 | Build | House |
| 2:44 | Build | House |
| 2:45 | Build | House |
| 2:46 | Build | House |
| 2:47 | Build | House |
| 2:49 | Build | House |
| 2:51 | Build | House |
| 2:53 | Build | House |
| 2:54 | Build | House |
| 2:55 | Build | House |
| 2:56 | Build | House |
| 2:58 | Build | House |
| 2:59 | Build | House |
| 3:00 | Build | House |
| 3:02 | Build | House |
| 3:03 | Build | House |
| 3:04 | Build | House |
| 3:07 | Build | House |
| 3:08 | Build | House |
| 3:09 | Build | House |
| 3:10 | Build | House |
| 3:26 | Build | Mining Camp |
| 3:40 | Create | Villager (Male) ×5 |
| 3:40 | Create | Villager (Male) ×5 |
| 3:40 | Create | Villager (Male) ×5 |
| 3:41 | Create | Villager (Male) ×5 |
| 3:41 | Create | Villager (Male) ×5 |
| 3:41 | Create | Villager (Male) ×5 |
| 3:42 | Create | Villager (Male) ×5 |
| 3:42 | Create | Villager (Male) ×5 |
| 3:42 | Create | Villager (Male) ×5 |
| 3:43 | Create | Villager (Male) ×5 |
| 3:43 | Create | Villager (Male) ×5 |
| 3:44 | Create | Villager (Male) ×5 |
| 3:44 | Create | Villager (Male) ×2 |
| 3:51 | Build | Farm |
| 3:52 | Build | Farm |
| 3:53 | Build | Farm |
| 3:59 | Build | Farm |
| 4:01 | Build | Farm |
| 4:06 | Build | Farm |
| 4:42 | Build | Town Center |
| 5:16 | Build | Monastery |
| 5:28 | Create | Trade Cart ×5 |
| 5:29 | Create | Trade Cart ×5 |
| 5:29 | Create | Trade Cart ×5 |
| 5:29 | Create | Trade Cart ×5 |
| 5:30 | Create | Trade Cart ×5 |
| 5:30 | Create | Trade Cart ×5 |
| 5:30 | Create | Trade Cart ×5 |
| 5:30 | Create | Trade Cart ×5 |
| 5:31 | Create | Trade Cart ×5 |
| 5:31 | Create | Trade Cart ×5 |
| 5:31 | Create | Trade Cart ×5 |
| 5:32 | Create | Trade Cart ×5 |
| 5:32 | Create | Trade Cart ×5 |
| 5:32 | Create | Trade Cart ×5 |
| 5:32 | Create | Trade Cart ×5 |
| 6:07 | Build | Lumber Camp |
| 6:30 | Build | Farm |
| 6:32 | Build | Farm |
| 6:34 | Build | Farm |
| 6:35 | Build | Farm |
| 6:37 | Build | Farm |
| 6:38 | Build | Farm |
| 6:41 | Build | Farm |
| 6:42 | Build | Farm |
| 6:44 | Build | Farm |
| 6:46 | Build | Farm |
| 6:56 | Build | Farm |
| 6:58 | Build | Farm |
| 6:59 | Build | Farm |
| 7:01 | Build | Farm |
| 7:02 | Build | Farm |
| 7:03 | Build | Farm |
| 7:07 | Build | Farm |
| 7:20 | Build | Farm |
| 7:22 | Build | Farm |
| 7:24 | Build | Farm |
| 7:25 | Build | Farm |
| 7:26 | Build | Farm |
| 7:31 | Build | Farm |
| 7:49 | Build | Farm |
| 7:51 | Build | Farm |
| 7:53 | Build | Farm |
| 7:57 | Build | Farm |
| 8:00 | Build | Farm |
| 8:19 | Build | Castle |
| 8:21 | Build | Castle |
| 8:23 | Build | Castle |
| 8:25 | Build | Castle |
| 8:29 | Build | Castle |
| 8:44 | Build | Siege Workshop |
| 8:45 | Build | Siege Workshop |
| 8:46 | Build | Siege Workshop |
| 8:48 | Build | Siege Workshop |
| 8:50 | Build | Siege Workshop |
| 9:05 | Build | Mining Camp |
| 9:16 | Create | Monk |
| 9:58 | Build | Mining Camp |
| 10:19 | Build | Mining Camp |
| 10:51 | Build | Stable |
Build order — Potato Famine
First 150 of 566 actions detected
| 0:02 | Build | Town Center |
| 0:06 | Build | Town Center |
| 0:08 | Build | Town Center |
| 0:10 | Build | Town Center |
| 0:12 | Build | Town Center |
| 0:14 | Build | Town Center |
| 0:15 | Build | Town Center |
| 0:17 | Build | Town Center |
| 0:18 | Build | Town Center |
| 0:21 | Create | Villager (Male) ×5 |
| 0:21 | Create | Villager (Male) ×5 |
| 0:22 | Create | Villager (Male) ×5 |
| 0:44 | Build | Town Center |
| 1:06 | Build | Town Center |
| 1:08 | Build | Town Center |
| 1:14 | Build | Town Center |
| 1:16 | Build | Town Center |
| 1:18 | Build | Town Center |
| 1:22 | Build | Town Center |
| 1:24 | Build | Town Center |
| 1:25 | Build | Town Center |
| 1:28 | Build | Town Center |
| 1:30 | Build | Town Center |
| 1:33 | Build | Town Center |
| 1:37 | Create | Villager (Male) ×5 |
| 1:38 | Create | Villager (Male) ×5 |
| 1:38 | Create | Villager (Male) ×5 |
| 1:38 | Create | Villager (Male) ×5 |
| 1:39 | Create | Villager (Male) ×5 |
| 1:39 | Create | Villager (Male) ×5 |
| 1:40 | Create | Villager (Male) ×5 |
| 1:40 | Create | Villager (Male) ×5 |
| 1:40 | Create | Villager (Male) ×5 |
| 1:41 | Create | Villager (Male) ×5 |
| 1:41 | Create | Villager (Male) ×5 |
| 1:41 | Create | Villager (Male) ×5 |
| 1:43 | Create | Villager (Male) ×5 |
| 1:44 | Create | Villager (Male) ×5 |
| 1:44 | Create | Villager (Male) ×5 |
| 1:45 | Create | Villager (Male) ×5 |
| 1:45 | Create | Villager (Male) ×5 |
| 1:45 | Create | Villager (Male) ×5 |
| 1:46 | Create | Villager (Male) ×5 |
| 1:46 | Create | Villager (Male) ×5 |
| 1:46 | Create | Villager (Male) ×5 |
| 1:47 | Create | Villager (Male) ×5 |
| 1:47 | Create | Villager (Male) ×5 |
| 2:04 | Create | Villager (Male) ×5 |
| 2:04 | Create | Villager (Male) ×5 |
| 2:05 | Create | Villager (Male) ×5 |
| 2:05 | Create | Villager (Male) ×5 |
| 2:05 | Create | Villager (Male) ×5 |
| 2:06 | Create | Villager (Male) ×5 |
| 2:06 | Create | Villager (Male) ×5 |
| 2:07 | Create | Villager (Male) ×5 |
| 2:07 | Create | Villager (Male) ×5 |
| 2:12 | Build | Market |
| 2:14 | Build | Market |
| 2:15 | Build | Market |
| 2:17 | Build | Market |
| 2:18 | Build | Market |
| 2:19 | Build | Market |
| 2:21 | Build | Market |
| 2:22 | Build | Market |
| 2:24 | Build | Market |
| 2:26 | Build | Market |
| 2:28 | Build | Market |
| 2:29 | Build | Market |
| 2:30 | Build | Market |
| 2:33 | Build | Market |
| 2:47 | Create | Villager (Male) ×5 |
| 2:48 | Create | Villager (Male) ×5 |
| 2:48 | Create | Villager (Male) ×5 |
| 2:48 | Create | Villager (Male) ×5 |
| 3:00 | Build | House |
| 3:01 | Build | House |
| 3:02 | Build | House |
| 3:03 | Build | House |
| 3:04 | Build | House |
| 3:05 | Build | House |
| 3:07 | Build | House |
| 3:09 | Build | House |
| 3:09 | Build | House |
| 3:11 | Build | House |
| 3:12 | Build | House |
| 3:12 | Build | House |
| 3:13 | Build | House |
| 3:13 | Build | House |
| 3:13 | Build | House |
| 3:14 | Build | House |
| 3:14 | Build | House |
| 3:15 | Build | House |
| 3:26 | Create | Villager (Male) ×5 |
| 3:27 | Create | Villager (Male) ×5 |
| 3:27 | Create | Villager (Male) ×5 |
| 3:27 | Create | Villager (Male) ×5 |
| 3:28 | Create | Villager (Male) ×5 |
| 3:28 | Create | Villager (Male) ×5 |
| 3:28 | Create | Villager (Male) ×5 |
| 3:29 | Create | Villager (Male) ×5 |
| 3:29 | Create | Villager (Male) ×5 |
| 3:29 | Create | Villager (Male) ×5 |
| 3:30 | Create | Villager (Male) ×5 |
| 3:38 | Build | Castle |
| 3:42 | Build | Castle |
| 3:48 | Build | House |
| 3:49 | Build | House |
| 3:51 | Build | House |
| 3:52 | Build | House |
| 3:54 | Build | House |
| 3:55 | Build | House |
| 3:56 | Build | House |
| 3:57 | Build | House |
| 3:58 | Build | House |
| 3:59 | Build | House |
| 4:00 | Build | House |
| 4:02 | Build | House |
| 4:03 | Build | House |
| 4:04 | Build | House |
| 4:06 | Build | House |
| 4:15 | Build | House |
| 4:16 | Build | House |
| 4:17 | Build | House |
| 4:18 | Build | House |
| 4:19 | Build | House |
| 4:20 | Build | House |
| 4:22 | Build | House |
| 4:23 | Build | House |
| 4:24 | Build | House |
| 4:25 | Build | House |
| 4:26 | Build | House |
| 4:27 | Build | House |
| 4:28 | Build | House |
| 4:31 | Create | Trade Cart ×5 |
| 4:32 | Create | Trade Cart ×5 |
| 4:32 | Create | Trade Cart ×5 |
| 4:32 | Create | Trade Cart ×5 |
| 4:33 | Create | Trade Cart ×5 |
| 4:33 | Create | Trade Cart ×5 |
| 4:33 | Create | Trade Cart ×5 |
| 4:34 | Create | Trade Cart ×5 |
| 4:34 | Create | Trade Cart ×5 |
| 4:35 | Create | Trade Cart ×5 |
| 4:35 | Create | Trade Cart ×5 |
| 4:51 | Create | Villager (Male) ×5 |
| 4:52 | Create | Villager (Male) ×5 |
| 5:26 | Build | Lumber Camp |
| 5:29 | Build | Lumber Camp |
| 5:31 | Build | Lumber Camp |
| 5:37 | Create | Villager (Male) ×5 |
Build order — Markhor_0
First 150 of 506 actions detected
| 0:11 | Build | Town Center |
| 0:16 | Build | Town Center |
| 0:19 | Build | Town Center |
| 0:23 | Build | Town Center |
| 0:28 | Build | Town Center |
| 0:31 | Build | Town Center |
| 0:35 | Build | Town Center |
| 0:40 | Build | Town Center |
| 0:45 | Build | Market |
| 0:47 | Build | Market |
| 0:48 | Build | Market |
| 0:51 | Build | Market |
| 0:52 | Build | Market |
| 1:03 | Build | Market |
| 1:17 | Build | House |
| 1:19 | Build | House |
| 1:20 | Build | House |
| 1:21 | Build | House |
| 1:22 | Build | House |
| 1:24 | Build | House |
| 1:25 | Build | House |
| 1:26 | Build | House |
| 1:27 | Build | House |
| 1:30 | Build | House |
| 1:31 | Build | House |
| 1:32 | Build | House |
| 1:34 | Build | House |
| 1:35 | Build | House |
| 1:56 | Build | House |
| 1:58 | Build | House |
| 1:59 | Build | House |
| 2:00 | Build | House |
| 2:01 | Build | House |
| 2:02 | Build | House |
| 2:03 | Build | House |
| 2:04 | Build | House |
| 2:06 | Build | House |
| 2:07 | Build | House |
| 2:08 | Build | House |
| 2:19 | Create | Villager (Male) ×5 |
| 2:19 | Create | Villager (Male) ×5 |
| 2:19 | Create | Villager (Male) ×5 |
| 2:20 | Create | Villager (Male) ×5 |
| 2:20 | Create | Villager (Male) ×5 |
| 2:20 | Create | Villager (Male) ×5 |
| 2:21 | Create | Villager (Male) ×5 |
| 2:21 | Create | Villager (Male) ×5 |
| 2:21 | Create | Villager (Male) ×5 |
| 2:21 | Create | Villager (Male) ×5 |
| 2:22 | Create | Villager (Male) ×5 |
| 2:22 | Create | Villager (Male) ×5 |
| 2:22 | Create | Villager (Male) ×5 |
| 2:23 | Create | Villager (Male) ×5 |
| 2:23 | Create | Villager (Male) ×5 |
| 2:23 | Create | Villager (Male) ×5 |
| 2:24 | Create | Villager (Male) ×5 |
| 2:24 | Create | Villager (Male) ×5 |
| 2:24 | Create | Villager (Male) ×5 |
| 2:28 | Build | House |
| 2:31 | Build | House |
| 2:32 | Build | House |
| 2:34 | Build | House |
| 2:35 | Build | House |
| 2:37 | Build | House |
| 2:38 | Build | House |
| 2:40 | Build | House |
| 2:41 | Build | House |
| 2:42 | Build | House |
| 2:44 | Build | House |
| 2:48 | Build | House |
| 2:49 | Build | House |
| 2:50 | Build | House |
| 2:51 | Build | House |
| 2:53 | Build | House |
| 2:54 | Build | House |
| 2:55 | Build | House |
| 2:59 | Build | House |
| 3:01 | Build | House |
| 3:02 | Build | House |
| 3:03 | Build | House |
| 3:04 | Build | House |
| 3:05 | Build | House |
| 3:09 | Build | House |
| 3:18 | Build | Town Center |
| 3:21 | Build | Town Center |
| 3:28 | Build | Town Center |
| 3:29 | Build | Town Center |
| 3:31 | Build | Town Center |
| 4:22 | Build | Stone Wall |
| 4:31 | Build | Stone Wall |
| 4:46 | Build | Stable |
| 4:48 | Build | Stable |
| 4:50 | Build | Stable |
| 4:53 | Build | Stable |
| 4:54 | Build | Stable |
| 4:57 | Build | Stable |
| 4:59 | Build | Stable |
| 5:01 | Build | Stable |
| 5:02 | Build | Stable |
| 5:05 | Build | Stable |
| 5:07 | Build | Stable |
| 5:09 | Build | Stable |
| 5:22 | Build | Stone Wall |
| 5:23 | Build | Stone Wall |
| 5:25 | Build | Gate |
| 5:28 | Build | Stone Wall |
| 5:35 | Build | Stone Wall |
| 5:37 | Build | Gate |
| 5:39 | Build | Stone Wall |
| 5:40 | Build | Gate |
| 5:46 | Build | Stone Wall |
| 5:49 | Build | Gate |
| 5:50 | Build | Gate |
| 5:52 | Build | Gate |
| 5:59 | Build | Castle |
| 6:01 | Build | Castle |
| 6:02 | Build | Castle |
| 6:08 | Build | Castle |
| 6:10 | Build | Castle |
| 6:20 | Create | Villager (Male) ×5 |
| 6:21 | Create | Villager (Male) ×5 |
| 6:21 | Create | Villager (Male) ×5 |
| 6:21 | Create | Villager (Male) ×5 |
| 6:22 | Create | Villager (Male) ×5 |
| 6:22 | Create | Villager (Male) ×5 |
| 6:22 | Create | Villager (Male) ×5 |
| 6:22 | Create | Villager (Male) ×5 |
| 6:23 | Create | Villager (Male) ×5 |
| 6:23 | Create | Villager (Male) ×5 |
| 6:23 | Create | Villager (Male) ×5 |
| 6:31 | Create | Villager (Male) ×5 |
| 6:31 | Create | Villager (Male) ×5 |
| 6:32 | Create | Villager (Male) ×5 |
| 6:35 | Build | Farm |
| 6:36 | Build | Farm |
| 6:38 | Build | Farm |
| 6:39 | Build | Farm |
| 6:49 | Create | Trade Cart ×5 |
| 6:49 | Create | Trade Cart ×5 |
| 6:49 | Create | Trade Cart ×5 |
| 6:50 | Create | Trade Cart ×5 |
| 6:50 | Create | Trade Cart ×5 |
| 6:50 | Create | Trade Cart ×5 |
| 6:51 | Create | Trade Cart ×5 |
| 6:51 | Create | Trade Cart ×5 |
| 6:51 | Create | Trade Cart ×5 |
| 6:52 | Create | Trade Cart ×5 |
| 6:52 | Create | Trade Cart ×5 |
| 6:52 | Create | Trade Cart ×5 |
| 6:53 | Create | Trade Cart ×5 |
Build order — menschlicheflagge
First 150 of 556 actions detected
| 0:11 | Build | Town Center |
| 0:12 | Build | Town Center |
| 0:12 | Build | Town Center |
| 0:12 | Build | Town Center |
| 0:13 | Build | Town Center |
| 0:17 | Build | Town Center |
| 0:18 | Build | Town Center |
| 0:23 | Create | Villager (Male) ×5 |
| 0:24 | Create | Villager (Male) ×5 |
| 0:24 | Create | Villager (Male) ×5 |
| 0:49 | Build | House |
| 0:51 | Build | House |
| 0:52 | Build | House |
| 0:52 | Build | House |
| 0:53 | Build | House |
| 0:53 | Build | House |
| 0:54 | Build | House |
| 0:54 | Build | House |
| 0:55 | Build | House |
| 0:55 | Build | House |
| 0:55 | Build | House |
| 0:57 | Build | House |
| 0:57 | Build | House |
| 0:58 | Build | House |
| 0:59 | Build | House |
| 1:00 | Build | House |
| 1:01 | Build | House |
| 1:01 | Build | House |
| 1:01 | Build | House |
| 1:02 | Build | House |
| 1:04 | Build | House |
| 1:04 | Build | House |
| 1:05 | Build | House |
| 1:06 | Build | House |
| 1:07 | Build | House |
| 1:09 | Build | House |
| 1:11 | Build | House |
| 1:11 | Build | House |
| 1:13 | Build | House |
| 1:15 | Build | House |
| 1:16 | Build | House |
| 1:16 | Build | House |
| 1:17 | Build | House |
| 1:18 | Build | House |
| 1:27 | Build | Market |
| 1:28 | Build | Market |
| 1:33 | Build | Caravanserai |
| 1:35 | Build | Caravanserai |
| 1:38 | Build | Caravanserai |
| 1:40 | Build | Caravanserai |
| 1:42 | Build | Caravanserai |
| 1:43 | Build | Caravanserai |
| 1:46 | Build | Caravanserai |
| 1:49 | Build | Caravanserai |
| 1:51 | Build | Caravanserai |
| 1:53 | Build | Caravanserai |
| 1:54 | Build | Caravanserai |
| 1:57 | Build | Caravanserai |
| 1:59 | Build | Caravanserai |
| 2:01 | Build | Caravanserai |
| 2:03 | Build | Caravanserai |
| 2:05 | Build | Caravanserai |
| 2:07 | Build | Caravanserai |
| 2:10 | Build | Caravanserai |
| 2:18 | Create | Villager (Male) ×5 |
| 2:18 | Create | Villager (Male) ×5 |
| 2:18 | Create | Villager (Male) ×5 |
| 2:19 | Create | Villager (Male) ×5 |
| 2:19 | Create | Villager (Male) ×5 |
| 2:20 | Create | Villager (Male) ×5 |
| 2:20 | Create | Villager (Male) ×5 |
| 2:21 | Create | Villager (Male) ×5 |
| 2:21 | Create | Villager (Male) ×5 |
| 2:21 | Create | Villager (Male) ×5 |
| 2:22 | Create | Villager (Male) ×5 |
| 2:23 | Create | Villager (Male) ×5 |
| 2:23 | Create | Villager (Male) ×4 |
| 2:34 | Build | Market |
| 2:35 | Build | Market |
| 2:36 | Build | Market |
| 2:38 | Build | Market |
| 2:39 | Build | Market |
| 2:41 | Build | Market |
| 2:42 | Build | Market |
| 2:43 | Build | Market |
| 2:51 | Create | Villager (Male) ×5 |
| 2:51 | Create | Villager (Male) ×5 |
| 2:52 | Create | Villager (Male) ×5 |
| 2:52 | Create | Villager (Male) ×5 |
| 2:52 | Create | Villager (Male) |
| 3:07 | Build | Castle |
| 3:09 | Build | Castle |
| 3:10 | Build | Castle |
| 3:12 | Build | Castle |
| 3:15 | Build | Castle |
| 3:16 | Build | Castle |
| 3:20 | Build | Castle |
| 3:29 | Build | Stone Wall |
| 3:31 | Build | Stone Wall |
| 3:35 | Build | Stone Wall |
| 3:52 | Create | Villager (Male) ×5 |
| 3:52 | Create | Villager (Male) ×5 |
| 3:53 | Create | Villager (Male) ×5 |
| 3:53 | Create | Villager (Male) ×5 |
| 3:53 | Create | Villager (Male) ×5 |
| 3:54 | Create | Villager (Male) ×5 |
| 3:54 | Create | Villager (Male) ×5 |
| 3:55 | Create | Villager (Male) ×5 |
| 3:55 | Create | Villager (Male) ×2 |
| 3:58 | Create | Villager (Male) ×4 |
| 4:26 | Create | Trade Cart ×5 |
| 4:26 | Create | Trade Cart ×5 |
| 4:27 | Create | Trade Cart ×5 |
| 4:27 | Create | Trade Cart ×5 |
| 4:28 | Create | Trade Cart ×5 |
| 4:28 | Create | Trade Cart ×5 |
| 4:29 | Create | Trade Cart ×5 |
| 4:29 | Create | Trade Cart ×5 |
| 4:30 | Create | Trade Cart ×5 |
| 4:31 | Create | Trade Cart ×5 |
| 4:31 | Create | Trade Cart ×5 |
| 4:32 | Create | Trade Cart ×5 |
| 4:32 | Create | Trade Cart ×5 |
| 4:33 | Create | Trade Cart ×5 |
| 4:33 | Create | Trade Cart ×5 |
| 4:37 | Create | Trade Cart ×5 |
| 4:37 | Create | Trade Cart ×5 |
| 4:38 | Create | Trade Cart ×5 |
| 5:26 | Build | Stone Wall |
| 5:30 | Build | Stone Wall |
| 5:36 | Build | Stone Wall |
| 5:41 | Build | Gate |
| 5:43 | Build | Gate |
| 5:45 | Build | Gate |
| 5:48 | Build | Gate |
| 5:52 | Build | Gate |
| 6:04 | Build | Stable |
| 6:07 | Build | Stable |
| 6:07 | Build | Stable |
| 6:08 | Build | Stable |
| 6:09 | Build | Stable |
| 6:09 | Build | Stable |
| 6:11 | Build | Stable |
| 6:13 | Build | Stable |
| 6:16 | Build | Stable |
| 6:17 | Build | Stable |
| 6:17 | Build | Stable |
| 6:19 | Build | Stable |
| 6:20 | Build | Stable |
| 6:31 | Build | Stone Wall |
Build order — El Necio
First 150 of 368 actions detected
| 0:22 | Build | Town Center |
| 0:26 | Build | Town Center |
| 0:34 | Build | Town Center |
| 0:40 | Build | Town Center |
| 0:48 | Build | Town Center |
| 0:52 | Build | Town Center |
| 1:04 | Create | Villager (Male) ×5 |
| 1:04 | Create | Villager (Male) ×5 |
| 1:04 | Create | Villager (Male) ×5 |
| 1:05 | Create | Villager (Male) ×5 |
| 1:05 | Create | Villager (Male) ×5 |
| 1:05 | Create | Villager (Male) ×5 |
| 1:06 | Create | Villager (Male) ×5 |
| 1:32 | Build | Market |
| 1:36 | Build | Market |
| 1:39 | Build | Market |
| 1:43 | Build | Market |
| 1:52 | Build | Market |
| 2:02 | Build | House |
| 2:05 | Build | House |
| 2:06 | Build | House |
| 2:06 | Build | House |
| 2:07 | Build | House |
| 2:07 | Build | House |
| 2:07 | Build | House |
| 2:08 | Build | House |
| 2:13 | Build | House |
| 2:13 | Build | House |
| 2:13 | Build | House |
| 2:14 | Build | House |
| 2:14 | Build | House |
| 2:14 | Build | House |
| 2:15 | Build | House |
| 2:15 | Build | House |
| 2:16 | Build | House |
| 2:23 | Build | House |
| 2:23 | Build | House |
| 2:24 | Build | House |
| 2:24 | Build | House |
| 2:28 | Build | House |
| 2:33 | Build | House |
| 2:33 | Build | House |
| 2:34 | Build | House |
| 2:34 | Build | House |
| 2:34 | Build | House |
| 2:35 | Build | House |
| 2:35 | Build | House |
| 2:36 | Build | House |
| 2:36 | Build | House |
| 2:42 | Build | House |
| 2:46 | Build | House |
| 2:46 | Build | House |
| 2:46 | Build | House |
| 2:47 | Build | House |
| 2:57 | Build | House |
| 2:57 | Build | House |
| 2:58 | Build | House |
| 2:58 | Build | House |
| 2:59 | Build | House |
| 2:59 | Build | House |
| 3:00 | Build | House |
| 3:00 | Build | House |
| 3:01 | Build | House |
| 3:01 | Build | House |
| 3:01 | Build | House |
| 3:02 | Build | House |
| 3:02 | Build | House |
| 3:07 | Build | House |
| 3:07 | Build | House |
| 3:08 | Build | House |
| 3:08 | Build | House |
| 3:08 | Build | House |
| 3:09 | Build | House |
| 3:09 | Build | House |
| 3:10 | Build | House |
| 3:15 | Build | House |
| 3:40 | Build | Stable |
| 3:40 | Build | Stable |
| 3:41 | Build | Stable |
| 3:41 | Build | Stable |
| 3:41 | Build | Stable |
| 3:42 | Build | Stable |
| 3:42 | Build | Stable |
| 3:43 | Build | Stable |
| 3:43 | Build | Stable |
| 3:43 | Build | Stable |
| 3:44 | Build | Stable |
| 3:44 | Build | Stable |
| 3:44 | Build | Stable |
| 3:51 | Build | Stable |
| 3:51 | Build | Stable |
| 3:52 | Build | Stable |
| 3:52 | Build | Stable |
| 3:52 | Build | Stable |
| 3:53 | Build | Stable |
| 3:53 | Build | Stable |
| 3:54 | Build | Stable |
| 3:54 | Build | Stable |
| 3:54 | Build | Stable |
| 4:22 | Create | Villager (Male) ×5 |
| 4:22 | Create | Villager (Male) ×5 |
| 4:22 | Create | Villager (Male) ×5 |
| 4:23 | Create | Villager (Male) ×5 |
| 4:23 | Create | Villager (Male) ×5 |
| 4:23 | Create | Villager (Male) ×5 |
| 4:24 | Create | Villager (Male) ×5 |
| 4:24 | Create | Villager (Male) ×5 |
| 4:24 | Create | Villager (Male) ×5 |
| 4:25 | Create | Villager (Male) ×5 |
| 4:25 | Create | Villager (Male) ×5 |
| 4:25 | Create | Villager (Male) ×5 |
| 4:26 | Create | Villager (Male) ×5 |
| 4:26 | Create | Villager (Male) ×5 |
| 4:26 | Create | Villager (Male) ×5 |
| 4:27 | Create | Villager (Male) ×5 |
| 4:27 | Create | Villager (Male) ×5 |
| 4:27 | Create | Villager (Male) ×5 |
| 4:28 | Create | Villager (Male) ×3 |
| 5:05 | Build | Town Center |
| 5:09 | Build | Town Center |
| 5:20 | Build | Town Center |
| 5:23 | Build | Town Center |
| 7:42 | Create | Villager (Male) ×5 |
| 7:42 | Create | Villager (Male) ×5 |
| 7:42 | Create | Villager (Male) ×5 |
| 7:42 | Create | Villager (Male) ×5 |
| 7:43 | Create | Villager (Male) ×5 |
| 7:43 | Create | Villager (Male) ×5 |
| 7:44 | Create | Villager (Male) ×5 |
| 7:44 | Create | Villager (Male) ×5 |
| 7:44 | Create | Villager (Male) ×5 |
| 7:44 | Create | Villager (Male) ×5 |
| 7:45 | Create | Villager (Male) ×5 |
| 8:39 | Build | Stone Wall |
| 8:57 | Build | Gate |
| 9:28 | Build | Stone Wall |
| 9:41 | Build | Gate |
| 9:46 | Build | Stone Wall |
| 10:23 | Build | Castle |
| 10:27 | Build | Castle |
| 10:30 | Build | Castle |
| 10:33 | Build | Castle |
| 11:05 | Build | Town Center |
| 11:08 | Build | Town Center |
| 11:30 | Build | Mining Camp |
| 11:47 | Build | Mining Camp |
| 11:53 | Build | Lumber Camp |
| 12:59 | Build | Archery Range |
| 12:59 | Build | Archery Range |
| 13:00 | Build | Archery Range |
Build order — RealG
First 150 of 672 actions detected
| 0:04 | Create | Villager (Male) |
| 0:04 | Create | Villager (Male) |
| 0:05 | Create | Villager (Male) |
| 0:05 | Create | Villager (Male) |
| 0:10 | Build | Market |
| 0:14 | Create | Villager (Male) |
| 0:15 | Create | Villager (Male) |
| 0:15 | Create | Villager (Male) |
| 0:15 | Create | Villager (Male) |
| 0:15 | Create | Villager (Male) |
| 0:22 | Build | Town Center |
| 0:25 | Build | Town Center |
| 0:43 | Build | Town Center |
| 0:45 | Build | Town Center |
| 0:48 | Build | Town Center |
| 0:50 | Build | Town Center |
| 0:52 | Build | Town Center |
| 0:55 | Build | Town Center |
| 0:56 | Build | Town Center |
| 0:58 | Build | Town Center |
| 1:00 | Build | Town Center |
| 1:18 | Create | Villager (Male) |
| 1:19 | Create | Villager (Male) |
| 1:19 | Create | Villager (Male) |
| 1:19 | Create | Villager (Male) |
| 1:20 | Create | Villager (Male) |
| 1:20 | Create | Villager (Male) |
| 1:20 | Create | Villager (Male) |
| 1:21 | Create | Villager (Male) |
| 1:21 | Create | Villager (Male) |
| 1:22 | Create | Villager (Male) |
| 1:28 | Build | House |
| 1:30 | Build | House |
| 1:32 | Build | House |
| 1:34 | Build | House |
| 1:36 | Build | House |
| 1:37 | Build | House |
| 1:39 | Build | House |
| 1:40 | Build | House |
| 1:42 | Build | House |
| 1:43 | Build | House |
| 1:45 | Build | House |
| 1:48 | Create | Villager (Male) |
| 1:49 | Create | Villager (Male) |
| 1:49 | Create | Villager (Male) |
| 1:50 | Create | Villager (Male) |
| 1:50 | Create | Villager (Male) |
| 1:50 | Create | Villager (Male) |
| 2:04 | Create | Villager (Male) |
| 2:04 | Create | Villager (Male) |
| 2:05 | Create | Villager (Male) |
| 2:05 | Create | Villager (Male) |
| 2:05 | Create | Villager (Male) |
| 2:06 | Create | Villager (Male) |
| 2:06 | Create | Villager (Male) |
| 2:19 | Build | Market |
| 2:19 | Build | Market |
| 2:20 | Build | Market |
| 2:20 | Build | Market |
| 2:20 | Build | Market |
| 2:21 | Build | Market |
| 2:21 | Build | Market |
| 2:22 | Build | Market |
| 2:22 | Build | Market |
| 2:22 | Build | Market |
| 2:23 | Build | Market |
| 2:23 | Build | Market |
| 2:24 | Build | Market |
| 2:25 | Build | Market |
| 2:26 | Build | Market |
| 2:26 | Build | Market |
| 2:26 | Build | Market |
| 2:27 | Build | Market |
| 2:27 | Build | Market |
| 2:28 | Build | Market |
| 2:28 | Build | Market |
| 2:28 | Build | Market |
| 2:29 | Build | Market |
| 2:29 | Build | Market |
| 2:29 | Build | Market |
| 2:30 | Build | Market |
| 2:30 | Build | Market |
| 2:31 | Build | Market |
| 2:36 | Create | Villager (Male) |
| 2:36 | Create | Villager (Male) |
| 2:37 | Create | Villager (Male) |
| 2:38 | Create | Villager (Male) |
| 2:39 | Create | Villager (Male) |
| 2:39 | Create | Villager (Male) |
| 2:40 | Create | Villager (Male) |
| 2:40 | Create | Villager (Male) |
| 2:40 | Create | Villager (Male) |
| 2:41 | Create | Villager (Male) |
| 2:41 | Create | Villager (Male) |
| 2:46 | Build | Town Center |
| 2:49 | Build | Town Center |
| 2:51 | Build | Town Center |
| 2:53 | Build | Town Center |
| 3:03 | Create | Villager (Male) |
| 3:03 | Create | Villager (Male) |
| 3:03 | Create | Villager (Male) |
| 3:04 | Create | Villager (Male) |
| 3:04 | Create | Villager (Male) |
| 3:04 | Create | Villager (Male) |
| 3:05 | Create | Villager (Male) |
| 3:20 | Create | Villager (Male) |
| 3:20 | Create | Villager (Male) |
| 3:21 | Create | Villager (Male) |
| 3:21 | Create | Villager (Male) |
| 3:21 | Create | Villager (Male) |
| 3:24 | Build | Mining Camp |
| 3:30 | Build | House |
| 3:30 | Build | House |
| 3:30 | Build | House |
| 3:31 | Build | House |
| 3:31 | Build | House |
| 3:31 | Build | House |
| 3:32 | Build | House |
| 3:32 | Build | House |
| 3:36 | Build | House |
| 3:36 | Build | House |
| 3:37 | Build | House |
| 3:38 | Build | House |
| 3:38 | Build | House |
| 3:43 | Create | Villager (Male) |
| 3:44 | Create | Villager (Male) |
| 3:44 | Create | Villager (Male) |
| 3:44 | Create | Villager (Male) |
| 3:45 | Create | Villager (Male) |
| 3:45 | Create | Villager (Male) |
| 3:45 | Create | Villager (Male) |
| 3:49 | Build | Mining Camp |
| 4:02 | Build | Mining Camp |
| 4:04 | Build | Mining Camp |
| 4:17 | Build | Mining Camp |
| 4:20 | Create | Villager (Male) |
| 4:20 | Create | Villager (Male) |
| 4:21 | Create | Villager (Male) |
| 4:21 | Create | Villager (Male) |
| 4:21 | Create | Villager (Male) |
| 4:25 | Build | Mining Camp |
| 4:31 | Build | Mining Camp |
| 4:35 | Create | Villager (Male) |
| 4:35 | Create | Villager (Male) |
| 4:35 | Create | Villager (Male) |
| 4:35 | Create | Villager (Male) |
| 4:36 | Create | Villager (Male) |
| 4:36 | Create | Villager (Male) |
| 4:36 | Create | Villager (Male) |
| 4:37 | Create | Villager (Male) |
Match timeline
| 0:28 | RealG · first_market_buy 500 stone |
| 1:21 | BaguetteAndFromage · first_building Monastery |
| 3:07 | menschlicheflagge · first_building Castle |
| 3:29 | menschlicheflagge · wall_segment Stone Wall x22 |
| 3:31 | menschlicheflagge · wall_segment Stone Wall x21 |
| 3:35 | menschlicheflagge · wall_segment Stone Wall x12 |
| 3:38 | Potato Famine · first_building Castle |
| 3:40 | El Necio · first_building Stable |
| 4:02 | BaguetteAndFromage · wall_segment Stone Wall x30 |
| 4:12 | BaguetteAndFromage · first_building Castle |
| 4:22 | Markhor_0 · wall_segment Stone Wall x40 |
| 4:31 | Markhor_0 · wall_segment Stone Wall x15 |
| 4:33 | len04597 · first_building Monastery |
| 4:46 | Markhor_0 · first_building Stable |
| 4:53 | RealG · first_building Castle |
| 5:16 | poupaquicc · first_building Monastery |
| 5:22 | Markhor_0 · wall_segment Stone Wall x1 |
| 5:23 | Markhor_0 · wall_segment Stone Wall x1 |
| 5:26 | menschlicheflagge · wall_segment Stone Wall x18 |
| 5:28 | Markhor_0 · wall_segment Stone Wall x1 |
| 5:30 | menschlicheflagge · wall_segment Stone Wall x23 |
| 5:35 | Markhor_0 · wall_segment Stone Wall x1 |
| 5:36 | menschlicheflagge · wall_segment Stone Wall x14 |
| 5:39 | Markhor_0 · wall_segment Stone Wall x1 |
| 5:46 | Markhor_0 · wall_segment Stone Wall x23 |
| 5:59 | Markhor_0 · first_building Castle |
| 6:04 | menschlicheflagge · first_building Stable |
| 6:31 | menschlicheflagge · wall_segment Stone Wall x19 |
| 6:38 | menschlicheflagge · wall_segment Stone Wall x33 |
| 6:40 | menschlicheflagge · wall_segment Stone Wall x16 |
| 6:44 | menschlicheflagge · wall_segment Stone Wall x9 |
| 7:10 | RealG · wall_segment Stone Wall x68 |
| 7:17 | RealG · wall_segment Stone Wall x69 |
| 8:18 | BaguetteAndFromage · first_market_buy 500 stone |
| 8:19 | poupaquicc · first_building Castle |
| 8:39 | El Necio · wall_segment Stone Wall x16 |
| 8:44 | poupaquicc · first_building Siege Workshop |
| 9:03 | RealG · first_building Stable |
| 9:22 | Markhor_0 · wall_segment Stone Wall x13 |
| 9:28 | Markhor_0 · wall_segment Stone Wall x49 |
| 9:28 | El Necio · wall_segment Stone Wall x39 |
| 9:46 | El Necio · wall_segment Stone Wall x1 |
| 9:48 | BaguetteAndFromage · wall_segment Stone Wall x12 |
| 9:52 | BaguetteAndFromage · wall_segment Stone Wall x14 |
| 9:55 | BaguetteAndFromage · wall_segment Stone Wall x14 |
| 10:09 | Markhor_0 · wall_segment Stone Wall x19 |
| 10:23 | El Necio · first_building Castle |
| 10:40 | len04597 · wall_segment Stone Wall x61 |
| 10:51 | poupaquicc · first_building Stable |
| 11:21 | len04597 · wall_segment Stone Wall x10 |
| 11:22 | Markhor_0 · wall_segment Stone Wall x16 |
| 11:52 | len04597 · wall_segment Stone Wall x37 |
| 12:14 | Potato Famine · wall_segment Stone Wall x25 |
| 12:20 | len04597 · first_building Stable |
| 12:22 | Potato Famine · wall_segment Stone Wall x19 |
| 12:27 | Potato Famine · first_market_buy 500 stone |
| 12:28 | BaguetteAndFromage · wall_segment Stone Wall x47 |
| 12:33 | menschlicheflagge · first_building Siege Workshop |
| 12:40 | len04597 · first_building Barracks |
| 12:48 | BaguetteAndFromage · first_building Stable |
| 12:59 | El Necio · first_building Archery Range |
| 13:15 | menschlicheflagge · first_building Archery Range |
| 13:30 | BaguetteAndFromage · first_building Archery Range |
| 13:43 | len04597 · wall_segment Stone Wall x30 |
| 13:53 | Potato Famine · wall_segment Stone Wall x18 |
| 13:56 | BaguetteAndFromage · wall_segment Stone Wall x57 |
| 13:59 | RealG · first_building Siege Workshop |
| 14:00 | len04597 · first_building Siege Workshop |
| 14:13 | poupaquicc · first_building Barracks |
| 14:30 | len04597 · first_building Archery Range |
| 14:42 | Potato Famine · wall_segment Stone Wall x11 |
| 14:46 | len04597 · wall_segment Stone Wall x51 |
| 15:26 | BaguetteAndFromage · wall_segment Stone Wall x8 |
| 15:34 | BaguetteAndFromage · wall_segment Stone Wall x8 |
| 15:37 | RealG · wall_segment Stone Wall x3 |
| 15:41 | RealG · wall_segment Stone Wall x2 |
| 15:43 | RealG · wall_segment Stone Wall x3 |
| 15:48 | BaguetteAndFromage · first_building Siege Workshop |
| 16:02 | len04597 · first_market_buy 500 stone |
| 16:11 | Markhor_0 · first_market_buy 100 stone |
| 16:45 | len04597 · wall_segment Stone Wall x40 |
| 16:55 | El Necio · wall_segment Stone Wall x52 |
| 17:05 | Potato Famine · wall_segment Stone Wall x14 |
| 17:34 | Markhor_0 · wall_segment Stone Wall x18 |
| 18:06 | Markhor_0 · wall_segment Stone Wall x81 |
| 18:09 | BaguetteAndFromage · wall_segment Stone Wall x4 |
| 18:10 | BaguetteAndFromage · wall_segment Stone Wall x11 |
| 18:11 | BaguetteAndFromage · wall_segment Stone Wall x5 |
| 18:20 | Markhor_0 · wall_segment Stone Wall x8 |
| 18:26 | BaguetteAndFromage · wall_segment Stone Wall x15 |
| 20:23 | BaguetteAndFromage · tribute_sent a jugador 2 |
| 20:23 | BaguetteAndFromage · tribute_sent a jugador 3 |
| 20:23 | BaguetteAndFromage · tribute_sent a jugador 4 |
| 20:23 | BaguetteAndFromage · tribute_sent a jugador 5 |
| 20:23 | BaguetteAndFromage · tribute_sent a jugador 6 |
| 20:23 | BaguetteAndFromage · tribute_sent a jugador 7 |
| 20:23 | BaguetteAndFromage · tribute_sent a jugador 8 |
| 21:31 | Potato Famine · wall_segment Stone Wall x4 |
| 22:53 | El Necio · wall_segment Stone Wall x26 |
| 23:01 | BaguetteAndFromage · first_building Barracks |
| 23:06 | Potato Famine · wall_segment Stone Wall x7 |
| 23:14 | El Necio · wall_segment Stone Wall x14 |
| 23:27 | BaguetteAndFromage · wall_segment Stone Wall x13 |
| 24:28 | El Necio · wall_segment Stone Wall x20 |
| 24:35 | El Necio · wall_segment Stone Wall x7 |
| 24:44 | menschlicheflagge · wall_segment Stone Wall x11 |
| 24:53 | El Necio · wall_segment Stone Wall x12 |
| 25:10 | El Necio · wall_segment Stone Wall x23 |
| 25:15 | BaguetteAndFromage · wall_segment Stone Wall x20 |
| 25:19 | menschlicheflagge · wall_segment Stone Wall x3 |
| 25:21 | menschlicheflagge · wall_segment Stone Wall x6 |
| 25:25 | menschlicheflagge · wall_segment Stone Wall x5 |
| 25:43 | menschlicheflagge · wall_segment Stone Wall x5 |
| 26:37 | BaguetteAndFromage · wall_segment Stone Wall x3 |
| 26:47 | len04597 · first_building Castle |
| 26:53 | menschlicheflagge · resign |
| 32:46 | El Necio · wall_segment Stone Wall x17 |
[ AI ANALYSIS · 1 CREDIT ]
What really happened in this match?
Wolo.gg analyzes every decision: build order, eco, micro, common mistakes by bracket. Personalized analysis on WhatsApp or Discord in 30 seconds.
Civ guide
Teutons
Perfil
Jugador #22832595